 Dungeon Crawl Stone Soup version 0.29.1-15-g9cfb28693d (webtiles) character file.

Game seed: 5072934329846006883

213 vishdafish the Conjurer (level 5, 35/35 HPs)
             Began as a Demonspawn Conjurer on Mar 29, 2023.
             Quit the game on level 2 of the Dungeon.
             The game lasted 00:02:14 (2145 turns).

vishdafish the Conjurer (Demonspawn Conjurer)       Turns: 2145, Time: 00:02:14

Health: 35/35      AC:  4    Str:  7    XL:     5   Next: 59%
Magic:  10/11      EV: 12    Int: 22    God:
Gold:   60         SH:  0    Dex: 11    Spells: 11/12 levels left

rFire   . . .      SeeInvis .   g - +0 falchion
rCold   . . .      Faith    .   e - orb {*Rage}
rNeg    . . .      Spirit   .   a - +0 robe
rPois   .          Reflect  .   (no helmet)
rElec   .          Harm     .   (no cloak)
rCorr   .          Rampage  .   (no gloves)
Will    .....      Rage     20% (no boots)
Stlth   ++........              (no amulet)
HPRegen 0.11/turn               (no ring)
MPRegen 0.12/turn               (no ring)

@: no status effects
A: icy blue scales 1, demonic magic 1, demonic touch 1
a: no special abilities


You were on level 2 of the Dungeon.
You visited 1 branch of the dungeon, and saw 2 of its levels.

You collected 72 gold pieces.
You spent 12 gold pieces at shops.

Inventory:

Hand Weapons
 g - a +0 falchion (weapon)
Missiles
 i - 2 curare-tipped darts
Armour
 a - a +0 robe (worn)
 e - an orb of wrath (worn)
Scrolls
 c - 3 scrolls of identify {unknown}
 k - a scroll of enchant armour {unknown}
Potions
 b - a potion of magic
 d - 2 potions of attraction {unknown}
 f - 2 potions of might {unknown}
 h - a potion of ambrosia {unknown}
 j - a potion of lignification {unknown}


   Skills:
 - Level 1.9 Dodging
 - Level 2.0 Stealth
 + Level 4.0 Spellcasting
 + Level 5.5 Conjurations


You had 11 spell levels left.
You knew the following spells:

 Your Spells              Type           Power      Damage    Failure   Level
a - Magic Dart            Conj           100%       1d8       1%          1

Your spell library contained the following spells:

 Spells                   Type           Power      Damage    Failure   Level
 Searing Ray              Conj           56%        2d6       1%          2
 Dazzling Flash           Conj/Hex       32%        N/A       11%         3
 Fulminant Prism          Conj/Hex       8%         3d7       34%         4
 Iskenderun's Mystic Bla  Conj/Tloc      16%        2d5       34%         4
 Corpse Rot               Necr/Pois/Air  4%         N/A       73%         4
 Dispel Undead            Necr           4%         3d7       73%         4
 Death Channel            Necr           2%         N/A       100%        6


Dungeon Overview and Level Annotations

Branches:
Dungeon (2/15)

Altars:

Shops:
D:1 (


Innate Abilities, Weirdness & Mutations

You are partially covered in icy blue scales. (AC +2)
Spells you cast may paralyse adjacent enemies.
Your touch may inflict minor irresistible damage on your foes.


Message History

You slash Sigmund!
You kill Sigmund!
Your Spellcasting skill gained 2 levels and is now at level 4!
Your Conjurations skill increases to level 5!
You have reached level 4!
You feel clever.
Your demonic ancestry asserts itself...
A menacing aura infuses your magic.
You have reached level 5!
f - 2 glowing amethyst potions (gained 1)
c - 3 scrolls labelled ROTOVOSTIE (gained 1)
You now have 44 gold pieces (gained 18).
Items here: )) [ †.
Calm down first, please.
Calm down first, please.
You start resting.
You feel a strong urge to attack something.
You start resting.
You feel your anger nearly subside.
You start resting.
You are no longer berserk.
You are exhausted.
You feel yourself slow down.
You feel yourself speed up.
Magic restored.
You recover from your berserk rage.
HP restored.
You now have 52 gold pieces (gained 8).
Found a stone staircase leading down.
There is a stone staircase leading down here.
You now have 60 gold pieces (gained 8).
Found a club.
A giant cockroach comes into view.
A giant cockroach is nearby!
The magic dart hits the giant cockroach.
You kill the giant cockroach!
Malevolent energies surge around you.
No target in view!
No target in view!
No target in view!
Are you sure you want to abandon this character and quit the game? (Confirm with "yes".)

###.# .. # # #.# ...
.# #.# .#.#.# #.##
..... #... .#.# ####
####... ..# #†...# #.#
###@# #.# #...#### #.#
##.....# #.# ##..###.#
#.# .....###.#####.#
#.###............#####
#)####.##........# #.
#.##>####...##
#.####.##.###.....##


There were no monsters in sight!

Vanquished Creatures
  Sigmund (D:2)
  2 dart slugs (D:2)
  3 bats
  5 endoplasms
  3 giant cockroaches
  3 goblins
  2 hobgoblins
  3 jackals (D:2)
  2 quokkas (D:2)
  4 ball pythons
  A frilled lizard (D:1)
  3 kobolds
  4 rats
  A spectral kobold (D:2)
37 creatures vanquished.

Notes
Turn   | Place    | Note
-------+----------+-------------------------------------------
     0 | D:1      | vishdafish the Demonspawn Conjurer began the quest for the
                  | Orb.
     0 | D:1      | Reached XP level 1. HP: 13/13 MP: 3/3
   255 | D:1      | You fall into a shaft and drop 1 floor!
   277 | D:2      | Noticed Sigmund
   283 | D:2      | Found a faded altar of an unknown god.
   352 | D:2      | Gained mutation: You are partially covered in icy blue
                  | scales. (AC +2) [demonic ancestry]
   352 | D:2      | Reached XP level 2. HP: 19/19 MP: 0/5
   640 | D:1      | Found Xuodak's Weapon Emporium.
  1096 | D:1      | Bought 2 curare-tipped darts for 12 gold pieces
  1516 | D:2      | Gained mutation: Your touch may inflict minor irresistible
                  | damage on your foes. [demonic ancestry]
  1516 | D:2      | Reached XP level 3. HP: 22/24 MP: 3/6
  1922 | D:2      | Killed Sigmund
  1923 | D:2      | Reached skill level 5 in Conjurations
  1923 | D:2      | Gained mutation: Spells you cast may paralyse adjacent
                  | enemies. [demonic ancestry]
  1923 | D:2      | Reached XP level 4. HP: 17/30 MP: 5/10
  1923 | D:2      | Reached XP level 5. HP: 20/35 MP: 5/11
  2145 | D:2      | Quit the game

Illustrated notes

Levels and vault maps discovered:
D:1:      eino_arrival_water_cross, layout_basic, serial_shops, shop
D:2:      layout_loops_ring, dreamdust_ecumenical_altar_drowned_temple,
          minmay_worlds_worst_comb, uniq_sigmund

Skill      XL: |  1  2  3 |
---------------+----------+-----
Stealth        | 2 |  2.0
Spellcasting   | 4 |  4.0
Conjurations   | 5 |  5.5
Dodging        | |  1.9

Action                   |  1- 3 |  4- 6 || total
-------------------------+-------+-------++-------
Melee: Unarmed           |     4 |       ||     4
       Falchion          |    16 |       ||    16
 Cast: Magic Dart        |    58 |     1 ||    59
Armor: Robe              |     9 |       ||     9
Dodge: Dodged            |    18 |       ||    18
